 Dungeon Crawl Stone Soup version 0.32-a0-913-g739538afd8 (webtiles) character file.

Game seed: 6211013333804047790

643 Fractals the Magician (level 7, 0/81 HPs)
             Began as a Demonspawn Fire Elementalist on Apr 8, 2024.
             Slain by an adder (3 damage)
             ... on level 5 of the Dungeon.
             The game lasted 00:15:57 (3961 turns).

Fractals the Magician (DsFE)                        Turns: 3961, Time: 00:15:57

Health: 0/81       AC: 23    Str: 16    XL:     7   Next: 26%
Magic:  6/13       EV:  2    Int: 16    God:
Gold:   186        SH:  0    Dex: 19    Spells: 8/14 levels left

rFire   . . .        k - staff of conjuration
rCold   . . .        (no shield)
rNeg    . . .        a - melded +0 robe
rPois   +            (helmet currently unavailable)
rElec   .            (cloak currently unavailable)
rCorr   .            q - melded +0 pair of gloves
SInv    .            (boots currently unavailable)
Will    +....        (no amulet)
Stlth   +            j - +6 ring of dexterity
HPRegen 0.33/turn    n - +6 ring of strength
MPRegen 0.13/turn

%: no passive effects
@: lethally poisoned (0 -> -3), on fire, tree-form, enlightened, very slightly
contaminated, glowing
A: stationary, stasis, torment immunity, boosted hp, (yellow scales 1), ignite
blood 2, (weakness stinger 1)
a: no special abilities


You were on level 5 of the Dungeon.
You were a tree.
You visited 1 branch of the dungeon, and saw 5 of its levels.

You collected 186 gold pieces.

Inventory:

Hand Weapons
 c - a +0 rapier of holy wrath
 g - a +0 dagger of flaming
 o - a +2 short sword of protection
Armour
 a - a +0 robe (melded)
 q - a +0 pair of gloves (melded)
Magical Staves
 k - a staff of conjuration (weapon)
Jewellery
 j - a +6 ring of dexterity (left branch)
 n - a +6 ring of strength (right branch)
 p - an amulet of reflection
Scrolls
 b - a scroll of poison {unknown}
 d - a scroll of revelation {unknown}
 e - 2 scrolls of fog
 f - a scroll of noise {unknown}
 h - a scroll of amnesia {unknown}
 l - 4 scrolls of identify
 r - a scroll of silence {unknown}


   Skills:
 - Level 4.0 Fighting
 - Level 1.7 Dodging
 - Level 3.0 Stealth
 + Level 4.4 Spellcasting
 + Level 2.5 Conjurations
 - Level 4.0 Fire Magic
 - Level 1.0 Evocations


You had 8 spell levels left.
You knew the following spells:

 Your Spells              Type           Power      Damage    Failure   Level
a - Foxfire               Conj/Fire      84%        2x1d8     4%          1
b - Scorch                Fire           32%        2d6       4%          2
c - Volatile Blastmotes   Fire/Tloc      18%        2d11      22%         3

Your spell library contained the following spells:

 Spells                   Type           Power      Damage    Failure   Level
 Freeze                   Ice            12%        1d3       16%         1
 Inner Flame              Hex/Fire       9%         N/A       22%         3
 Hailstorm                Conj/Ice       11%        3d6       28%         3
 Flame Wave               Conj/Fire      21%        2d8       38%         4
 Frozen Ramparts          Ice            6%         1d1       43%         3


Dungeon Overview and Level Annotations

Branches:
Dungeon (5/15)
 Temple: D:4-7

Altars:
Dithmenos
Wu Jian

Shops:
D:1 !


Innate Abilities, Weirdness & Mutations

You are a tree.
Your roots penetrate the ground, keeping you stationary.
You cannot be teleported.
You are immune to unholy pain and torment.
Your maximum health is greatly increased.
Your equipment is partially melded.
((You are partially covered in yellow scales. (AC +2)))
Your demonic aura often causes spilled blood to erupt in flames.
((You have a small tail.))


Message History

The foxfire hits the adder.
The adder is lightly wounded.
The foxfire hits the bombardier beetle.
The bombardier beetle is burned terribly!
The bombardier beetle is almost dead.
The adder bites you.
Casting: Foxfire (safe; 4% risk of failure)
Press: ? - help, Q - select action, (/) - cycle Dir - look around, f - activate You feel a surge of power!
You miscast Foxfire.
Nothing appears to happen.
The liquid fire burns you!
The bombardier beetle is no longer more vulnerable to fire.
The adder closely misses you.
The bombardier beetle closely misses you.
You shake off some of the fire as you move.
The liquid fire burns you!
* * * LOW HITPOINT WARNING * * *
It was a potion of enlightenment.
You feel very buoyant.
You fly up into the air.
The liquid fire burns you!
* * * LOW HITPOINT WARNING * * *
The adder barely misses you.
It was a potion of lignification.
You turn into a tree.
Your +0 pair of gloves melds into your body.
Your +0 robe melds into your body.
Your roots penetrate the ground.
The liquid fire burns you!
* * * LOW HITPOINT WARNING * * *
The adder bites you but does no damage. The adder bites you.
* * * LOW HITPOINT WARNING * * *
You are poisoned.
The adder poisons you!
Casting: Foxfire (safe; 4% risk of failure)
Press: ? - help, Q - select action, (/) - cycle Dir - look around, f - activate You feel a surge of power!
You conjure some foxfire!
The liquid fire burns you!
* * * LOW HITPOINT WARNING * * *
x2 You feel sick.
The bombardier beetle bites you but does no damage.
The adder bites you.
You die...

####....#
.........
#........
##.$......
#.........
#.........
#.........
#vB.......
#♣S.......
##v.P.$...
.#..§≈P.#
. #P≈≈.##
## .PP.#
.#### .#


You could see a bombardier beetle (ally target) and an adder (ally target).

Vanquished Creatures
  Sigmund (D:3)
  A scorpion (D:4)
  A howler monkey (D:4)
  A bombardier beetle (D:4)
  2 orc priests (D:3)
  2 jellies (D:4)
  A sleepcap (D:4)
  Jessica (D:3)
  An iguana (D:4)
  An orc wizard (D:3)
  3 adders
  A white imp (D:4)
  2 ribbon worms (D:2)
  3 dart slugs
  14 orcs
  3 ball pythons
  4 bats
  5 endoplasms
  2 giant cockroaches (D:4)
  4 goblins
  6 hobgoblins
  7 jackals
  A quokka (D:2)
  A frilled lizard (D:1)
  6 kobolds
  7 rats
81 creatures vanquished.

Vanquished Creatures (others)
  120 foxfires
120 creatures vanquished.

Grand Total: 201 creatures vanquished

Notes
Turn   | Place    | Note
-------+----------+-------------------------------------------
     0 | D:1      | Fractals the Demonspawn Fire Elementalist began the quest
                  | for the Orb.
     0 | D:1      | Reached XP level 1. HP: 13/13 MP: 3/3
   156 | D:1      | Reached skill level 1 in Fighting
   183 | D:1      | Found Caociom's Distillery.
   411 | D:2      | Found a faded altar of an unknown god.
   490 | D:2      | You fall into a shaft and drop 2 floors!
   493 | D:4      | Noticed a howler monkey
   496 | D:4      | Noticed a sleepcap
   503 | D:3      | Gained mutation: You are partially covered in yellow
                  | scales. (AC +2) [demonic ancestry]
   503 | D:3      | Reached XP level 2. HP: 18/21 MP: 5/5
   518 | D:3      | Learned a level 2 spell: Scorch
   521 | D:3      | Noticed Sigmund
   547 | D:4      | Noticed a bombardier beetle
   566 | D:4      | Killed a bombardier beetle
   567 | D:4      | Reached XP level 3. HP: 23/28 MP: 0/6
   911 | D:3      | Found an ornate altar of the Wu Jian Council.
  1020 | D:3      | Gained mutation: You have a small tail. [demonic ancestry]
  1020 | D:3      | Reached XP level 4. HP: 35/35 MP: 4/7
  1124 | D:2      | Found a shadowy altar of Dithmenos.
  1968 | D:3      | Noticed Jessica
  1975 | D:3      | Killed Jessica
  1976 | D:3      | Gained mutation: Your demonic aura sometimes causes spilled
                  | blood to erupt in flames. [demonic ancestry]
  1976 | D:3      | Reached XP level 5. HP: 39/41 MP: 4/9
  1992 | D:3      | Killed Sigmund
  1993 | D:3      | Reached skill level 1 in Evocations
  1993 | D:3      | Reached XP level 6. HP: 18/47 MP: 2/12
  3279 | D:4      | Gained mutation: Your demonic aura often causes spilled
                  | blood to erupt in flames. [demonic ancestry]
  3279 | D:4      | Reached XP level 7. HP: 54/54 MP: 11/13
  3570 | D:4      | Learned a level 3 spell: Volatile Blastmotes
  3772 | D:5      | Entered Level 5 of the Dungeon
  3961 | D:5      | HP: 4/81 [burnt (5)]
  3961 | D:5      | Slain by an adder

Illustrated notes

Levels and vault maps discovered:
D:1:      lemuel_arrival_room, layout_rooms, serial_shops,
          nicolae_shop_just_a_little_nook
D:2:      layout_basic, basic_altar, nicolae_ecumenical_pavilion
D:3:      layout_rooms, nicolae_wu_jian_wuxing_cycle, uniq_jessica, uniq_sigmund
D:4:      layout_basic, minmay_close_crescents
D:5:      kennysheep_big_flooded_room, layout_rooms, jmf_multi_god_temple,
          serial_demonic, serial_demonic_c, serial_demonic_g, serial_demonic_a,
          serial_demonic_e, uniq_crazy_yiuf_cottage

Skill      XL: |  1  2  3  4  5  6  7 |
---------------+----------------------+-----
Stealth        | 2 3 |  3.0
Fighting       | 1 2 3 4 |  4.0
Fire Magic     | 3 4 |  4.0
Conjurations   | 2 |  2.5
Spellcasting   | 4 |  4.4
Evocations     | 1 |  1.0
Dodging        | |  1.7

Action                     |  1- 3 |  4- 6 |  7- 9 || total
---------------------------+-------+-------+-------++-------
  Melee: Dagger            |    17 |       |       ||    17
         Rapier            |     2 |       |       ||     2
         Staff             |    43 |   114 |    28 ||   185
         Tailslap          |       |    19 |     2 ||    21
   Cast: Foxfire           |    15 |    38 |    15 ||    68
         Scorch            |     5 |    17 |     6 ||    28
    Use: Scroll            |     1 |     1 |       ||     2
         Potion            |     2 |     2 |     2 ||     6
   Stab: Sleeping          |       |     3 |     1 ||     4
 Armour: Robe              |    52 |   110 |    33 ||   195
         Skin              |       |       |     4 ||     4
  Dodge: Dodged            |    49 |   117 |    37 ||   203

Table legend: (Time is in decaauts)
 A = Elapsed time spent in this place.
 B = Non-inter-level travel time spent in this place.
 C = Inter-level travel time spent in this place.
 D = Time resting spent in this place.
 E = Time spent auto-exploring this place.
 F = Levels seen in this place.
 G = Mean time per level.
                   A        B        C        D        E       F      G
               +--------+--------+--------+--------+--------+-----+--------+
         Total |   4003 |   3886 |    117 |   1200 |   1141 |   5 |  800.6 |
       Dungeon |   4003 |   3886 |    117 |   1200 |   1141 |   5 |  800.6 |
               +--------+--------+--------+--------+--------+-----+--------+

Top non-repeatable levels by time:
     D:3: 1279 daAuts
     D:4: 1199 daAuts
     D:2: 1099 daAuts
     D:1: 409 daAuts
     D:5: 15 daAuts
